badnik, neutral male scurrid Ranger --------------------------------------------------------------------------- |.......<........../..........................)...........................| |..................................................................%......| |.....................>...................................................| |....................................%....................................| |...................................?.?(...!..............................| |..................................?....!......)..........................| |............................%.........=?*)..........................`.`..| |...................................................................``...`| |.....................................................................``..| |........................................................................`| |....................!...................................................`| |............................................%............................| |.............................................%..........i................| |.....................%..................................x@...............| |...................................(.....................................| |............................(...............................?............| --------------------------------------------------------------------------- badnik the Tenderfoot Experience level: 1 Strength: 16 Dexterity: 10 Constitution: 14 Intelligence: 13 Wisdom: 13 Charisma: 9 Health: 0(14) Energy: 2(2) Def: 3 Gold: 0 Moves: 82 Dungeon seed: S7d_OkLScBGyfemB Game ID: badnik_1498610869 Your Inventory: Weapons b - 34 uncursed +2 darts c - 15 uncursed +0 darts Armor e - an uncursed +2 cloak of displacement (being worn) Comestibles d - 4 uncursed chestnuts Potions g - a blessed potion of gain energy Wands f - an uncursed wand of slow monster (0:3) Spells and supernatural/magical abilities: Name Level Category Fail Memory W - pray for help -- divine ? -- Your skills at the end: Miscellaneous Skills wands [Basic] Weapon Skills dart [Basic] Spellcasting Skills Final Attributes: You were devoutly aligned. You had automatic searching. You had infravision. You were displaced. You were very stealthy. You are dead. Vanquished creatures: a jackal Voluntary challenges: You went without food. You did not adorn yourself with jewelry or accessories. You did not cause conflict. You were not invisible. You did not have reflection. You were an atheist. You never hit with a wielded weapon. You were a pacifist. You did not use tools. You did not use plumbed fixtures. You did not drink any magical draughts. You were illiterate. You never genocided any monsters. You never polymorphed an object. You never changed form. You used no wishes. You never split a pudding. You never wrote Elbereth's name. You never violated your personal moral code. Dungeon overview: The Dungeons of Doom: levels 1 to 14 Level 1 a long staircase Level 2 Level 3 Level 4 Level 5 Level 6 Level 7 Level 8 Level 9 Level 10 Level 11 Level 12 Level 13 Level 14 <- You were here History has recorded: On T:1 you entered the Dungeons of Doom to retrieve the Amulet of Yendor! On T:7 you reached level 2 of The Dungeons of Doom. On T:11 you reached level 3 of The Dungeons of Doom. On T:24 you reached level 4 of The Dungeons of Doom. On T:28 you reached level 5 of The Dungeons of Doom. On T:31 you reached level 6 of The Dungeons of Doom. On T:34 you reached level 7 of The Dungeons of Doom. On T:38 you reached level 8 of The Dungeons of Doom. On T:42 you reached level 9 of The Dungeons of Doom. On T:44 you reached level 10 of The Dungeons of Doom. On T:54 you reached level 11 of The Dungeons of Doom. On T:59 you reached level 12 of The Dungeons of Doom. On T:65 you reached level 13 of The Dungeons of Doom. On T:71 you reached level 14 of The Dungeons of Doom. Score breakdown: Gold: 0 ( 0 points) Experience: 1 level ( 0 points) Exploration: 14 levels ( 390 points) Discoveries: 1 item ( 50 points) Variety of kills: 1 monster ( 50 points) Major goal: (nothing yet) ( 0 points) Survival: died (score multiplied by 3) Total score: 1470 Latest messages: The jitterbug displaces you! The jitterbug bites! You attack thin air. The jitterbug bites! You attack thin air. The jitterbug bites! (2x) You miss the jitterbug. The jitterbug displaces you! The jitterbug bites! (2x) The dwarf king hurls a purple-red potion! A purple-red potion shatters! You stop exploring. (3x) You start digging downward. The tengu pecks! The jitterbug bites! (2x) You continue digging downward. You dig a pit in the floor. The tengu pecks! You die... Final status: Goodbye badnik the Ranger, killed by a tengu... You died in The Dungeons of Doom on dungeon level 14 with 1470 points, and 0 pieces of gold, after 82 moves. You were level 1 with a maximum of 14 hit points when you died.